Map: Automaton LE

Players

MaSa

  • Race: Terran Terran
  • League: Master
  • Spawn Location: 9:00

Stats - Winner!

  • Race: Protoss Protoss
  • Spawn Location: 3:00

Event: IEM Season 13 - Katowice Server Qualifiers America

VOD

Have the link to the VOD?

Description

Time

  • Played on: Jan. 6, 2019, 4:28 p.m.
  • Length: 14:31

All games in this series

Show
View Real Time Build Order
Export as new Build Order

MaSa Terran 

Build Orders:  

Get SALT Encoding   

  12  0:00  SCV  
  13  0:13  SCV  
  14  0:18  Supply Depot  
  14  0:41  Barracks  
  14  0:43  Refinery  
  14  0:55  Barracks  
  14  0:59  SCV  
  15  1:12  SCV  
  15  1:13  Refinery  
  16  1:24  SCV  
  17  1:29  Reaper  
  18  1:42  Orbital Command  
  18  1:47  Reaper  
  19  2:03  Reaper  
  20  2:14  Barracks  
  20  2:19  Reaper  
  21  2:30  SCV  
  21  2:35  Reaper  
  23  2:38  Supply Depot  
  23  2:59  Reaper, SCV  
  24  3:07  Reaper  
  24  3:11  SCV, Supply Depot  
  26  3:15  Reaper  
  26  3:25  SCV  
  26  3:31  Reaper  
  26  3:32  Factory  
  27  3:37  SCV  
  27  3:38  Supply Depot  
  27  3:39  Reaper  
  29  3:47  Reaper  
  30  3:49  SCV  
  31  4:00  Supply Depot  
  31  4:03  Reaper  
  31  4:04  SCV  
  33  4:11  Reaper  
  34  4:20  Reaper  
  34  4:24  Factory Tech Lab  
  34  4:25  SCV  
  34  4:35  Reaper  
  36  4:38  SCV  
  36  4:43  Reaper  
  35  4:47  Cyclone  
  35  4:48  Command Center  
  37  5:10  Mag-Field Accelerator  
  36  5:17  SCV  
  36  5:22  Command Center  
  36  5:23  Cyclone  
  38  5:33  SCV  
  39  5:45  SCV  
  39  5:55  Cyclone  
  42  5:57  SCV  
  43  6:06  Orbital Command  
  43  6:09  SCV  
  44  6:13  Barracks x2  
  43  6:20  Barracks Reactor  
  43  6:22  SCV  
  41  6:35  SCV, Orbital Command  
  41  6:38  SCV  
  43  6:44  Siege Tank  
  43  6:45  Barracks Tech Lab  
  43  6:47  SCV  
  46  6:49  Engineering Bay  
  46  6:51  Bunker  
  46  6:54  SCV  
  46  6:57  Refinery  
  46  6:58  Refinery  
  46  6:59  SCV  
  48  7:02  Barracks Tech Lab x2  
  48  7:04  Marine, Combat Shield  
  48  7:05  SCV  
  48  7:08  SCV  
  51  7:10  Marine x2  
  51  7:14  SCV  
  54  7:18  SCV, Engineering Bay  
  54  7:21  SCV  
  54  7:22  Marine  
  56  7:24  Marine x2  
  56  7:28  Marine  
  60  7:30  SCV x2  
  62  7:37  SCV  
  62  7:40  Siege Tank  
  66  7:44  SCV  
  66  7:48  SCV  
  66  7:49  Terran Infantry Weapons Level 1  
  66  7:50  Terran Infantry Armor Level 1  
  68  7:55  Stimpack  
  68  7:59  SCV  
  68  8:02  Marine x2, Starport  
  68  8:03  Barracks Reactor  
  68  8:04  Marine  
  72  8:11  SCV  
  71  8:14  SCV  
  71  8:18  Siege Tank  
  71  8:19  Marine  
  75  8:20  Marine  
  75  8:23  SCV  
  78  8:29  SCV  
  78  8:32  Marauder, Supply Depot  
  81  8:38  Marauder  
  81  8:39  Barracks, Medivac  
  85  8:42  Orbital Command  
  85  8:44  Supply Depot  
  85  8:46  Supply Depot  
  85  8:51  Concussive Shells  
  85  8:53  Marine x2, Marauder, Medivac  
  91  8:59  SCV x2  
  93  9:05  Siege Tank  
  93  9:06  Marauder  
  93  9:08  SCV  
  99  9:10  Refinery  
  99  9:15  Marine x2, Marauder  
  99  9:16  Marauder, Medivac  
  107  9:17  SCV  
  107  9:18  SCV  
  107  9:23  Supply Depot x2  
  109  9:30  Supply Depot  
  109  9:43  Barracks Reactor  
  109  9:44  Marine, SCV x2, Siege Tank  
  109  9:45  Marine x2, Marauder x2, SCV, Medivac  
  124  9:49  Refinery  
  124  9:52  Medivac  
  126  9:53  Armory  
  126  9:54  Supply Depot  
  126  9:57  SCV x3  
  129  10:02  Marine  
  129  10:05  Marine  
  129  10:06  Marauder  
  133  10:15  SCV x3  
  133  10:20  Command Center  
  133  10:21  Supply Depot  
  136  10:25  Supply Depot  
  136  10:30  Supply Depot  
  136  10:31  Siege Tank  
  141  10:36  Marauder  
  141  10:42  Marine x2  
  147  10:43  Marauder x2  
  147  10:44  Marine x2  
  147  10:48  Terran Infantry Weapons Level 2  
  149  10:54  Terran Infantry Armor Level 2  
  149  10:56  Terran Vehicle Weapons Level 1  
  151  10:57  Marauder  
  151  11:00  Marine x2  
  150  11:04  Marauder x2  
  150  11:10  Marine x2  
  152  11:18  Marine, Marauder, Medivac x2  
  158  11:19  Marine, Missile Turret  
  158  11:20  Missile Turret  
  164  11:26  Marauder x2  
  164  11:27  Marine  
  164  11:32  Marine, Siege Tank  
  169  11:36  Marine  
  170  11:40  Marauder  
  170  11:46  Barracks  
  174  11:47  Marauder x2, Barracks x2  
  174  12:01  Missile Turret  
  174  12:02  Marine x3  
  174  12:03  Marine, Marauder  
  180  12:11  Refinery  
  180  12:12  Ghost Academy  
  180  12:14  Supply Depot  
  180  12:15  Supply Depot  
  180  12:19  Liberator x2  
  180  12:27  Marine  
  180  12:30  Marine  
  180  12:32  Marauder  
  180  12:33  Marine  
  180  12:35  Marine  
  180  12:36  Marauder  
  188  12:38  Barracks Tech Lab  
  188  12:44  Marine  
  189  12:45  Marauder  
  189  12:48  Marine  
  179  12:53  Marauder  
  179  12:55  Marine, Siege Tank  
  179  12:56  SCV  
  179  12:58  Marauder  
  174  13:01  SCV  
  174  13:02  Marine, SCV  
  171  13:06  Marauder  
  171  13:07  Marauder  
  167  13:13  Marine  
  167  13:15  Marauder, SCV  
  167  13:19  Marauder  
  167  13:23  Marine, SCV x2  
  167  13:24  Marine  
  162  13:29  SCV  
  162  13:31  SCV  
  161  13:37  Marauder  
  158  13:51  Marine  
  158  13:54  SCV x2  
  158  13:55  Marine  
  158  13:56  Marine  
  158  14:01  Marine  
  150  14:02  Marine  
  150  14:03  Marine x4  
  150  14:08  Marine  
Show
View Real Time Build Order
Export as new Build Order

Stats Protoss - Winner!

Build Orders: 1 Gate Expand 

Get SALT Encoding   

  12  0:00  Probe  
  13  0:13  Probe  
  14  0:18  Pylon  
  14  0:24  Probe  
  15  0:32  Probe  
  15  0:39  Gateway  
  15  0:40  Probe  
  16  0:47  Assimilator  
  17  0:51  Probe  
  18  1:03  Probe  
  19  1:15  Probe  
  20  1:27  Cybernetics Core  
  20  1:35  Nexus  
  20  1:38  Probe  
  21  1:45  Pylon  
  21  1:50  Probe  
  21  1:54  Assimilator  
  22  1:56  Adept  
  22  2:02  Probe  
  22  2:07  Warp Gate  
  24  2:16  Stalker  
  24  2:28  Probe  
  25  2:39  Stalker  
  25  2:40  Probe  
  28  2:53  Shield Battery  
  28  2:57  Gateway  
  28  3:00  Stalker  
  26  3:08  Probe x2  
  30  3:23  Probe, Stalker  
  30  3:24  Probe  
  32  3:35  Probe  
  32  3:36  Probe  
  34  3:47  Robotics Facility  
  34  3:50  Probe x2  
  35  4:10  Stalker x2  
  35  4:12  Probe x2  
  42  4:24  Probe x2  
  42  4:33  Stalker  
  42  4:34  Stalker  
  42  4:39  Pylon  
  42  4:44  Probe x2  
  44  4:56  Probe x2  
  46  5:00  Stalker  
  46  5:01  Stalker  
  46  5:03  Observer, Shield Battery  
  46  5:06  Pylon  
  51  5:12  Probe x2  
  53  5:24  Probe x2  
  53  5:25  Assimilator  
  53  5:26  Assimilator  
  53  5:28  Robotics Bay  
  55  5:29  Stalker x2  
  55  5:33  Observer  
  60  5:36  Probe x2  
  62  5:55  Pylon  
  62  5:56  Pylon  
  62  5:57  Pylon  
  62  6:01  Observer  
  62  6:11  Colossus  
  62  6:13  Probe x2  
  70  6:21  Nexus  
  70  6:31  Stalker x2  
  68  6:37  Extended Thermal Lance  
  66  6:40  Forge  
  66  6:43  Forge  
  66  6:46  Probe x2  
  68  6:49  Pylon  
  68  6:57  Protoss Ground Weapons Level 1, Protoss Ground Armor Level 1  
  68  6:58  Observer, Probe x2, Colossus  
  70  7:03  Stalker x2  
  80  7:14  Probe x2  
  82  7:26  Probe x2  
  82  7:27  Pylon  
  84  7:31  Twilight Council  
  82  7:37  Colossus  
  82  7:41  Probe x3  
  84  7:53  Probe x3, Pylon  
  93  8:01  Gateway x2  
  93  8:03  Charge  
  93  8:06  Sentry x2  
  93  8:12  Probe x3  
  100  8:19  Assimilator x2  
  99  8:25  Gateway x2  
  99  8:26  Gateway  
  99  8:27  Gateway  
  99  8:29  Observer  
  99  8:32  Sentry, Stalker  
  104  8:34  Protoss Ground Weapons Level 2, Protoss Ground Armor Level 2  
  104  8:37  Shield Battery  
  104  8:43  Pylon  
  104  8:49  Pylon  
  104  8:54  Pylon  
  102  8:59  Observer  
  102  9:00  Shield Battery  
  102  9:01  Pylon  
  103  9:13  Zealot x4  
  111  9:26  Observer  
  111  9:29  Gravitic Drive  
  112  9:37  Templar Archives  
  112  9:38  Zealot x8  
  122  9:40  Warp Prism  
  122  9:44  Blink  
  128  10:07  Zealot x5  
  128  10:08  Zealot x3  
  144  10:17  Psionic Storm  
  144  10:25  Warp Prism  
  146  10:31  Pylon  
  146  10:33  Pylon  
  146  10:35  Pylon  
  146  10:36  Stargate  
  146  10:38  Photon Cannon  
  146  10:40  High Templar x2  
  146  10:41  High Templar x2  
  154  10:49  High Templar x2  
  158  10:55  Photon Cannon  
  158  10:56  Photon Cannon  
  158  10:58  Photon Cannon  
  158  11:00  Photon Cannon  
  158  11:12  Protoss Ground Weapons Level 3, Nexus, Protoss Ground Armor Level 3  
  158  11:14  Pylon  
  158  11:19  Immortal  
  162  11:41  Shield Battery  
  162  11:44  Shield Battery x2  
  162  11:48  Immortal, Photon Cannon  
  162  11:49  Photon Cannon  
  162  11:51  High Templar x2, Photon Cannon  
  162  11:52  Photon Cannon  
  170  12:06  Stargate  
  170  12:12  Fleet Beacon  
  170  12:16  Assimilator  
  170  12:17  Probe x3  
  170  12:21  Assimilator  
  173  12:28  Immortal  
  177  12:30  Oracle  
  177  12:31  Probe  
  177  12:32  Probe x3  
  181  12:44  Probe x4  
  182  12:59  Zealot x6  
  182  13:00  Zealot x2  
  196  13:09  Tempest x2  
  182  13:29  High Templar  
  182  13:30  High Templar x3  
  182  13:31  Zealot x4  
  182  13:33  Immortal  
  196  13:41  Archon x2  
  190  13:46  Tempest  
  193  14:18  Pylon  
  193  14:19  Pylon  
  193  14:20  Pylon  
  193  14:22  Pylon  

Tags
 
Add a new tag
Caveats
  • Supply blocks, unpowered buildings, or Contaminate may cause inaccurate times.
  • Supply counts are checked every 10 seconds.